 Dungeon Sprint DCSS version 0.23-a0-650-ga4d50d4 (webtiles) character file.

1567 Leeroy the Fencer (level 8, -6/53 HPs)
             Began as a Barachi Ice Elementalist on Jan 6, 2019.
             Was a Believer of Qazlal.
             Mangled by a death cob (13 damage)
             ... in the Dungeon (Sprint V: "Ziggurat Sprint").
             The game lasted 00:04:31 (383 turns).

Leeroy the Fencer (Barachi Ice Elementalist)         Turns: 383, Time: 00:04:31

Health: -6/53      AC: 25    Str: 18    XL:     8   Next: 90%
Magic:  13/13      EV: -1    Int: 15    God:    Qazlal [**....]
Gold:   0          SH: 30    Dex: 12    Spells: 8/13 levels left

rFire    . . .     SeeInvis .   H - +7 Screaming Sword {slice, sonic wave}
rCold    . . .     Gourm    .   L - +18 shield of the Gong {rElec rN+ MR+ EV-5}
rNeg     + . .     Faith    .   K - +15 Maxwell's patent armour {-Cast -Tele rElec MR+ rCorr}
rPois    .         Spirit   .   (no helmet)
rElec    +         Reflect  .   (no cloak)
rCorr    +         Harm     .   (no gloves)
MR       ++...     NoTele   +   (no boots) Stlth ..........NoCast +
                                (no amulet)
HPRegen  0.17/turn              (no ring)
MPRegen  0.13/turn              (no ring)

@: mighty, slowed, studying Polearms, very slow
A: +LOS, swims, slowness 1, strong legs 1
a: Hop, Upheaval, Renounce Religion


You were in the Dungeon.
You worshipped Qazlal.
Qazlal was pleased with you.
You were not hungry.

You visited 1 branch

Inventory:

Hand Weapons
 l - a +2 battleaxe of electrocution
 H - the +7 Screaming Sword (weapon) {slice, sonic wave}
   (You found it in the Dungeon)

   It inflicts extra damage upon your enemies.
 I - the +11 plutonium sword {*Contam Stlth-}
   (You found it in the Dungeon)

   It causes magical contamination when unequipped.
   It makes you less stealthy.
 J - the +9 sword of Zonguldrok {reap}
   (You found it in the Dungeon)

   If a monster killed with it leaves a corpse in good enough shape, the corpse
   will be animated as a zombie friendly to the killer.
 M - a +5 demon blade
 N - a +5 triple sword
 T - a +5 hunting sling of flaming
Armour
 a - a +0 robe
 K - the +15 Maxwell's patent armour (worn) {-Cast -Tele rElec MR+ rCorr}
   (You found it in the Dungeon)

   It insulates you from electricity.
   It affects your resistance to hostile enchantments.
   It prevents spellcasting.
   It prevents most forms of teleportation.
   It provides partial protection from all sources of acid and corrosion.
 L - the +18 shield of the Gong (worn) {rElec rN+ MR+ EV-5}
   (You found it in the Dungeon)

   It affects your evasion (-5).
   It insulates you from electricity.
   It protects you from negative energy.
   It affects your resistance to hostile enchantments.
 O - +5 fire dragon scales
 P - +5 ice dragon scales
Magical Staves
 D - an uncursed staff of energy
 Q - an uncursed staff of power
Jewellery
 u - a +6 ring of dexterity
 v - a +6 ring of dexterity
 w - a +6 ring of intelligence
 x - a +6 ring of intelligence
 y - a +6 ring of strength
 z - a +6 ring of strength
 F - an uncursed ring of flight
Wands
 A - a wand of disintegration (7)
 B - a wand of iceblast (7)
 C - a wand of acid (7)
Scrolls
 i - 4 scrolls of blinking
 o - 4 scrolls of amnesia
 p - 7 scrolls of fog
 q - a scroll of holy word
 r - 5 scrolls of identify
 s - 5 scrolls of remove curse
 t - 2 scrolls of fear
Potions
 b - 2 potions of brilliance
 d - 9 potions of curing
 e - 6 potions of heal wounds
 f - 6 potions of haste
 g - 7 potions of magic
 h - 2 potions of berserk rage
 j - 2 potions of invisibility
 k - 4 potions of resistance
 m - 5 potions of agility
 n - 4 potions of might
Books
 S - a manual of Polearms
Miscellaneous
 E - a crystal ball of energy
 G - a lightning rod (3/4)
 R - a phial of floods
Comestibles
 c - 7 rations


   Skills:
 - Level 0.3 Fighting
 + Level 18.4 Long Blades
 - Level 3.4 Dodging
 - Level 2.5 Stealth
 - Level 2.2 Shields
 - Level 3.3 Spellcasting
 + Level 1.1 Conjurations
 - Level 6.2 Ice Magic
 * Level 6.4 Invocations


You had 8 spell levels left.
You knew the following spells:

 Your Spells              Type           Power        Failure   Level  Hunger
a - Freeze                Ice            ###.         99%         1    None
b - Throw Icicle          Conj/Ice       ##......     100%        4    ####...

Your spell library contained the following spells:

 Spells                   Type           Power        Failure   Level  Hunger
 Throw Frost              Conj/Ice       ##....       100%        2    ##.....
 Ozocubu's Armour         Chrm/Ice       ##......     100%        3    ###....
 Summon Ice Beast         Ice/Summ       ##......     100%        4    ####...


Dungeon Overview and Level Annotations

Branches:
Dungeon (1/1)

Altars:
Ashenzari
Cheibriados
Dithmenos
Elyvilon
Fedhas
Gozag
Hepliaklqana
Kikubaaqudgha
Makhleb
Nemelex Xobeh
Okawaru
Qazlal
Ru
Sif Muna
Trog
Uskayaw
Vehumet
Wu Jian
Xom
Yredelemnul
Zin
The Shining One
Beogh
Jiyva
Lugonu

Annotations:
D 1 transporter


Innate Abilities, Weirdness & Mutations

Shadows flee at your approach. (+LOS)
You can swim through water.
You cover ground slowly.
You can hop short distances.


Message History

Unknown command.
Unknown command.
Unknown command.
Unknown command.
Unknown command.
You hit the draconian but do no damage.
The draconian is heavily wounded.
You are ready to hop once more.
You block the death cob's attack.
PTOANNNG!
You block the death cob's attack.
GONNNNG!
You block the draconian's attack.
PTOANNNG!
You block the draconian's attack.
PANG!
The draconian hits you with the +8 flail "Sanopoc" {venom, *Rage +Rage rN+
* * * LOW HITPOINT WARNING * * *
The death cob hits you!
You die...

▓..[..▓.....▓.....▓
▓.....▓))...▓.....▓
▓.....▓.)...▓.....▓
▓.....▓.....▓..©..▓
▓..©..▓..©..▓▓▓▓▓▓▓
▓▓▓▓▓▓▓▓▓▓▓▓▓▓
▓..8©8...▓
▓..:[[d.§▓
▓.....d@.▓
▓.....zd○▓
▓........▓
▓.▓....▓.▓
▓...©....▓
▓▓▓▓▓▓▓▓▓▓


You could see a death cob and 3 draconians.

Vanquished Creatures
  A harpy (shapeshifter) (D)
  2 ugly things (D)
  2 phantoms (D)
  A boggart (shapeshifter) (D)
  An orc priest (D)
  An orc wizard (D)
  An orc (D)
9 creatures vanquished.

Notes
Turn   | Place    | Note
-------+----------+-------------------------------------------
     0 | D        | Found the +6 Majin-Bo {vamp, Archmagi MP+6 Int+6}
     0 | D        | Found the +7 great mace "Firestarter" {inner flame, rF++}
     0 | D        | Leeroy the Barachi Ice Elementalist began the quest for the
                  | Orb.
     0 | D        | Reached XP level 1. HP: 13/13 MP: 3/3
     0 | D        | Found a transporter.
     0 | D        | Found an ancient bone altar of Kikubaaqudgha.
     0 | D        | Found a viscous altar of Jiyva.
     0 | D        | Found a corrupted altar of Lugonu.
     0 | D        | Found a hazy altar of Hepliaklqana.
     0 | D        | Found a burning altar of Makhleb.
     0 | D        | Found an opulent altar of Gozag.
    23 | D        | Found the +9 heavy crossbow "Sniper" {velocity, Acc+∞ SInv}
    23 | D        | Found the +10 dark maul {crush}
    23 | D        | Found the +15 Maxwell's patent armour {-Cast -Tele rElec
                  | MR+ rCorr}
    23 | D        | Found the +18 shield of the Gong {rElec rN+ MR+ EV-5}
    23 | D        | Found the cursed +14 obsidian axe {chop, +Fly SInv *Curse}
    25 | D        | Found the +6 shillelagh "Devastator" {shatter}
    25 | D        | Found the +11 plutonium sword {*Contam Stlth-}
    25 | D        | Found the +8 lance "Wyrmbane" {slay drac, rPois rF+ rC+
                  | AC+3}
    25 | D        | Found the +9 sword of Zonguldrok {reap}
    25 | D        | Found the cursed +13 scythe of Curses {drain, *Curse}
    25 | D        | Found the +0 sword of Power
    25 | D        | Found the +7 mace of Variability {chain chaos}
    25 | D        | Found the +7 Singing Sword {slice, sonic wave}
    25 | D        | Found the +7 longbow "Piercer" {penet, EV-2}
    68 | D        | Reached skill level 8 in Long Blades
    68 | D        | Reached XP level 2. HP: 19/19 MP: 5/5
    76 | D        | Became a worshipper of Qazlal Stormbringer
    87 | D        | Entered arena 2.
    87 | D        | Noticed a phantom
    87 | D        | Noticed a phantom
    87 | D        | Found a transporter.
   108 | D        | Killed a phantom
   108 | D        | Reached skill level 9 in Long Blades
   108 | D        | Reached XP level 3. HP: 21/25 MP: 5/7
   108 | D        | Reached XP level 4. HP: 27/31 MP: 6/9
   134 | D        | Killed a phantom
   134 | D        | Reached skill level 11 in Long Blades
   134 | D        | Reached XP level 5. HP: 32/36 MP: 8/10
   144 | D        | Entered arena 3.
   144 | D        | Found a transporter.
   148 | D        | Reached * piety under Qazlal
   148 | D        | Reached skill level 12 in Long Blades
   151 | D        | Reached XP level 6. HP: 40/42 MP: 11/11
   163 | D        | Entered arena 4.
   163 | D        | Noticed a cyan ugly thing
   163 | D        | Noticed an acid dragon
   163 | D        | Noticed a troll
   163 | D        | Noticed a red ugly thing
   163 | D        | Found a transporter.
   169 | D        | an acid dragon changed into a centaur
   170 | D        | Noticed a harpy
   170 | D        | a troll changed into a harpy
   171 | D        | Killed a harpy
   171 | D        | Reached ** piety under Qazlal
   171 | D        | Reached skill level 16 in Long Blades
   171 | D        | Reached XP level 7. HP: 47/47 MP: 12/12
   189 | D        | Killed a green ugly thing
   189 | D        | Reached skill level 17 in Long Blades
   189 | D        | Reached XP level 8. HP: 53/53 MP: 13/13
   193 | D        | Killed a cyan ugly thing
   193 | D        | Reached skill level 18 in Long Blades
   364 | D        | Learned a level 4 spell: Throw Icicle
   364 | D        | Entered arena 5.
   364 | D        | Noticed a death cob
   364 | D        | Noticed a draconian
   364 | D        | Noticed a draconian
   364 | D        | Noticed a draconian
   364 | D        | Found a transporter.
   365 | D        | Identified the +8 flail "Sanopoc" {venom, *Rage +Rage rN+
                  | MR+++}
   377 | D        | HP: 1/53 [draconian/the +8 flail "Sanopoc" {venom, *Rage
                  | +Rage rN+ MR+++} (10)]
   383 | D        | Mangled by a death cob

Vault maps used:
D:        sprint_v

Skill      XL: |  1  2  3  4  5  6  7  8 |
---------------+-------------------------+-----
Long Blades    | 8 9 11 12 16 17 18 | 18.4
Dodging        | 3 |  3.4
Stealth        | 2 |  2.5
Shields        | 2 |  2.2
Spellcasting   | 3 |  3.3
Ice Magic      | 6 |  6.2
Invocations    | 4 6 |  6.4
Fighting       | |  0.3
Conjurations   | |  1.1

Action                   |  1- 3 |  4- 6 |  7- 9 || total
-------------------------+-------+-------+-------++-------
Melee: Demon blade       |    16 |    26 |    21 ||    63
       Double sword      |       |       |     7 ||     7
 Abil: Hop               |       |       |     2 ||     2
Evoke: Lightning rod     |       |     4 |     1 ||     5
  Use: Potion            |     1 |       |     7 ||     8
Armor: Plate armour      |     5 |    11 |    29 ||    45
Dodge: Dodged            |     1 |       |     3 ||     4
Block: Shield            |    21 |    18 |    70 ||   109
       Rpst.: Demon blade |     1 |       |     1 ||     2
       Double sword      |       |       |     1 ||     1

Table legend:
 A = Non-vault XP
 B = Vault XP
 C = Vault XP percentage of total XP
 D = Non-vault monster count
 E = Vault monster count
 F = Vault count percentage of total count
                 A         B        C        D         E       F
            +---------+---------+-------+---------+---------+-------
      Total |       0 |    2229 | 100.0 |       0 |       9 | 100.0
            +---------+---------+-------+---------+---------+-------
          D |       0 |    2229 | 100.0 |       0 |       9 | 100.0
            +---------+---------+-------+---------+---------+-------
